 Dungeon Crawl Stone Soup version 0.18.1-6-gd335043 (webtiles) character file.

1187 IcyTea the Chiller (level 8, -6/37 HPs)
             Began as a Vine Stalker Ice Elementalist on May 19, 2016.
             Was a Follower of Elyvilon.
             Mangled by an ogre
             ... wielding a +0 giant club
              (19 damage)
             ... on level 6 of the Dungeon.
             The game lasted 00:39:07 (5880 turns).

IcyTea the Chiller (Vine Stalker Ice Elementalist)  Turns: 5880, Time: 00:39:08

Health: -6/37      AC: 11    Str: 12    XL:     8   Next: 43%
Magic:  0/15       EV: 12    Int: 15    God:    Elyvilon [*.....]
Gold:   149        SH:  0    Dex: 19    Spells: 4 memorised, 4 levels left

rFire  . . .     SeeInvis .     y - +0 dire flail
rCold  + . .     Gourm    .     z - +2 robe {MR+}
rNeg   . . .     Faith    .     (shield currently unavailable)
rPois  .         Spirit   +     (no helmet)
rElec  .         Dismiss  .     f - +1 cloak
rCorr  .         Reflect  .     k - +2 pair of gloves
SustAt .         Harm     .     m - +0 pair of boots
MR     ++...     Rnd*Rage +     (no amulet)
Stlth  ++........               s - ring of wizardry
                                n - +5 ring of dexterity

@: very slightly contaminated, very resistant to hostile enchantments,
unstealthy
A: fangs 3, rugged brown scales 1, berserk 1, cold resistance 1, dopey 1,
regeneration 2, magic shield, antimagic bite, no device heal 3, rot immunity,
subdued magic 1
a: Lesser Healing, Divine Protection, Renounce Religion


You were on level 6 of the Dungeon.
You worshipped Elyvilon.
Elyvilon was aware of your devotion.
You were not hungry.

You visited 2 branches of the dungeon, and saw 8 of its levels.

You collected 149 gold pieces.

Inventory:

Hand Weapons
 l - a +2 quarterstaff of chaos
 y - a +0 dire flail (weapon)
Armour
 f - a +1 cloak (worn)
 k - a +2 pair of gloves (worn)
 m - a +0 pair of boots (worn)
 z - a +2 robe of magic resistance (worn)
Jewellery
 n - a +5 ring of dexterity (left hand)
 s - a ring of wizardry (right hand)
Scrolls
 e - 2 scrolls of remove curse
 g - a scroll of fog
 j - 2 scrolls of enchant weapon {unknown}
 o - 2 scrolls of teleportation
 q - 2 scrolls of identify
 r - a scroll of immolation
 w - a scroll of vulnerability {unknown}
Potions
 d - a potion of resistance
 i - 2 potions of lignification
 u - 3 potions of curing
Books
 b - a book of Frost

   Spells                             Type                      Level
   a - Freeze                         Ice                          1
   b - Throw Frost                    Conjuration/Ice              2
   c - Ozocubu's Armour               Charms/Ice                   3
   d - Throw Icicle                   Conjuration/Ice              4
   e - Summon Ice Beast               Ice/Summoning                4
Comestibles
 a - 2 chunks of flesh
 c - 4 bread rations
 h - 2 meat rations
 p - 3 beef jerkies
 t - 19 fruits
 x - 4 slices of pizza


   Skills:
 - Level 2.1 Staves
 - Level 1.5 Dodging
 - Level 2.4 Stealth
 - Level 4.3 Spellcasting
 - Level 3.2 Conjurations
 - Level 3.0 Summonings
 - Level 7.2 Ice Magic
 + Level 2.8 Invocations


You had 4 spell levels left.
You knew the following spells:

 Your Spells              Type           Power        Failure   Level  Hunger
a - Freeze                Ice            ###.         1%          1    None
b - Throw Frost           Conj/Ice       ##....       1%          2    ##.....
c - Summon Ice Beast      Ice/Summ       ##......     9%          4    ####...
d - Throw Icicle          Conj/Ice       ##......     9%          4    ####...


Dungeon Overview and Level Annotations

Branches:
Dungeon (7/15)             Temple (1/1) D:4

Altars:
Cheibriados
Dithmenos
Elyvilon
Gozag
Makhleb
Nemelex Xobeh
Okawaru
Qazlal
Ru
Sif Muna
Trog
Vehumet
Xom
Yredelemnul
Zin
The Shining One

Shops:
D:5 *


Innate Abilities, Weirdness & Mutations

You have razor-sharp teeth.
You heal very quickly.
When hurt, damage is shared between your health and your magic reserves.
Your bite disrupts and absorbs the magic of your enemies.
Potions and wands cannot restore your health.
You are immune to rotting.
You are partially covered in rugged brown scales (AC +1, +3% HP).
You tend to lose your temper in combat.
Your flesh is cold resistant.
You are dopey. (Int -2)
Your spells are a little easier to cast, but a little less powerful.


Message History

Aiming: Freeze
Press: ? - help, Shift-Dir - straight line, f/p - ogre
Aim: an ogre, wielding a giant club (moderately wounded)
You freeze the ogre.
The ogre is severely wounded.
The ogre hits you with a giant club!!
Casting: Freeze
Confirm with . or Enter, or press ? or * to list all spells.
You don't have enough magic to cast that spell.
Unknown command.
Casting: Freeze
Confirm with . or Enter, or press ? or * to list all spells.
Aiming: Freeze
Press: ? - help, Shift-Dir - straight line, f/p - ogre
Aim: an ogre, wielding a giant club (severely wounded)
You freeze the ogre.
The ogre is almost dead.
The ogre hits you with a giant club!!
Ouch! That really hurt!
You die...

#.#...# #.#.#. #.#.###
#.#.#. #.#.# #.#... #.#.#
#.#... # #.#.#####.#..( #.
#.#.....#.#.#.
#.##########.#####.#.#...
#....................#.##
#....O@....#####.......
#.......#...###########
#######'#######............
#.............#....########
#.............#....#
#......#......#....#
#......#......#....#
#...#..#..#...#....#
#...#..#..#...#....#


You could see an ogre.

Vanquished Creatures
  A water moccasin (D:6)
  An ice beast (D:6)
  An ogre (D:5)
  Blork the orc (D:6)
  A giant frog (D:6)
  4 scorpions
  2 hounds
  A jelly (D:6)
  A giant frog skeleton (D:4)
  2 orc priests (D:5)
  Crazy Yiuf (D:2)
  An orc wizard (D:3)
  Natasha (thrice) (D:2)
  8 gnolls
  12 adders
  An adder zombie (D:5)
  3 worms (D:2)
  A dart slug (D:3)
  2 giant geckos
  12 orcs
  4 giant cockroaches
  7 goblins
  9 hobgoblins
  4 jackals (D:2)
  2 quokkas
  2 ball pythons
  8 bats
  A giant gecko skeleton (D:6)
  8 giant newts
  5 kobolds
  6 rats
  A fungus (D:2)
116 creatures vanquished.

Vanquished Creatures (others)
  2 fungi (D:2)
2 creatures vanquished.

Grand Total: 118 creatures vanquished

Notes
Turn   | Place    | Note
--------------------------------------------------------------
     0 | D:1      | IcyTea the Vine Stalker Ice Elementalist began the quest for the Orb.
     0 | D:1      | Reached XP level 1. HP: 9/9 MP: 4/4
   160 | D:1      | Reached XP level 2. HP: 13/13 MP: 1/6
   165 | D:1      | Learned a level 2 spell: Throw Frost
  1028 | D:2      | Reached skill level 4 in Ice Magic
  1037 | D:2      | Reached XP level 3. HP: 10/16 MP: 0/7
  1202 | D:2      | Reached XP level 4. HP: 19/21 MP: 0/10
  1221 | D:2      | Learned a level 4 spell: Summon Ice Beast
  1516 | D:2      | Gained mutation: Your flesh is cold resistant. [potion of mutation]
  1516 | D:2      | Gained mutation: You tend to lose your temper in combat. [potion of mutation]
  1516 | D:2      | Gained mutation: You are dopey. (Int -2) [potion of mutation]
  1706 | D:2      | Gained mutation: Your spells are a little easier to cast, but a little less powerful. [potion of mutation]
  1706 | D:2      | Gained mutation: You are partially covered in rugged brown scales (AC +1, +3% HP). [potion of mutation]
  1726 | D:2      | Noticed Natasha
  1733 | D:2      | Killed Natasha
  1733 | D:2      | Reached XP level 5. HP: 11/24 MP: 2/12
  2031 | D:2      | Noticed Natasha
  2036 | D:2      | Killed Natasha
  2222 | D:2      | Noticed Crazy Yiuf
  2344 | D:2      | Killed Crazy Yiuf
  2344 | D:2      | Reached skill level 5 in Ice Magic
  2408 | D:2      | Noticed Natasha
  2408 | D:2      | Learned a level 4 spell: Throw Icicle
  2416 | D:2      | Killed Natasha
  2416 | D:2      | Reached skill level 1 in Staves
  2416 | D:2      | Gained mutation: You heal very quickly. [Vine Stalker growth]
  2416 | D:2      | Reached XP level 6. HP: 26/28 MP: 1/13
  2964 | D:3      | Found a burning altar of Makhleb.
  3524 | D:4      | Found a staircase to the Ecumenical Temple.
  3530 | Temple   | Entered the Ecumenical Temple
  3718 | Temple   | Became a worshipper of Elyvilon the Healer
  3837 | D:4      | Reached XP level 7. HP: 27/32 MP: 2/14
  3950 | D:4      | Found a basalt altar of Yredelemnul.
  4102 | D:4      | Reached skill level 1 in Invocations
  4790 | D:5      | Entered Level 5 of the Dungeon
  4842 | D:5      | Found Ginuaret's General Store.
  4861 | D:5      | Reached skill level 1 in Summonings
  5044 | D:5      | You fall through a shaft for 2 floors!
  5050 | D:6      | Reached * piety under Elyvilon
  5284 | D:6      | Found a bloodstained altar of Trog.
  5562 | D:6      | Reached skill level 6 in Ice Magic
  5562 | D:6      | Gained mutation: You have razor-sharp teeth. [Vine Stalker growth]
  5562 | D:6      | Reached XP level 8. HP: 37/37 MP: 4/15
  5693 | D:6      | Noticed Blork the orc
  5709 | D:6      | Killed Blork the orc
  5768 | D:6      | Reached skill level 7 in Ice Magic
  5880 | D:6      | Mangled by an ogre

Skill      XL: |  1  2  3  4  5  6  7  8 |
---------------+-------------------------+-----
Ice Magic      | 4 5 6 7 |  7.2
Spellcasting   | 3 4 |  4.3
Staves         | 1 2 |  2.1
Conjurations   | 3 |  3.2
Invocations    | 2 |  2.8
Summonings     | 3 |  3.0
Dodging        | |  1.5
Stealth        | |  2.4

Action                   |  1- 3 |  4- 6 |  7- 9 || total
-------------------------+-------+-------+-------++-------
Melee: Unarmed           |     2 |       |       ||     2
       Bite              |    10 |    18 |    13 ||    41
       Club              |     1 |       |       ||     1
       Short sword       |    27 |    41 |       ||    68
       Quarterstaff      |       |    38 |       ||    38
       Morningstar       |       |       |    23 ||    23
       Flail             |       |       |    10 ||    10
       Hand axe          |       |       |     2 ||     2
       Dire flail        |       |       |    10 ||    10
 Cast: Freeze            |    20 |    67 |    49 ||   136
       Throw Frost       |     5 |    32 |    46 ||    83
       Summon Ice Beast  |       |       |     2 ||     2
  Use: Scroll            |     6 |     4 |       ||    10
       Potion            |     1 |     9 |       ||    10
 Stab: Sleeping          |     5 |     5 |     3 ||    13
       Distracted        |       |       |     1 ||     1
  Eat: Chunk             |     1 |    10 |    10 ||    21
Armor: Robe              |    10 |    54 |    29 ||    93
Dodge: Dodged            |    29 |    83 |    49 ||   161
